 Dungeon Sprint DCSS version 0.27.1 (webtiles) character file.

Game seed: 13342243320461058827

10554 styxcanada the Ninja (level 11, -2/90 HPs)
             Began as a Spriggan Brigand on Aug 27, 2021.
             Was an Initiate of Gozag.
             Slain by a demonic crawler (7 damage)
             ... in the Dungeon (Sprint IV: "Fedhas' Mad Dash").
             The game lasted 00:12:59 (1369 turns).

styxcanada the Ninja (Spriggan Brigand)             Turns: 1369, Time: 00:13:01

Health: -2/90      AC:  3    Str: 13    XL:     11   Next: 37%
Magic:  17/18      EV: 34    Int: 17    God:    Gozag
Gold:   1443       SH:  8    Dex: 25    Spells: 11/19 levels left

rFire    . . .     SeeInvis +   q - +2 short sword (venom)
rCold    . . .     Faith    .   v - +0 buckler
rNeg     . . .     Spirit   .   b - +0 robe
rPois    .         Reflect  .   (helmet restricted)
rElec    +         Harm     .   c - +0 cloak
rCorr    .         Rampage  .   (gloves unavailable)
Will     +....     NoTele   +   (boots unavailable)
Stlth    ..........             l - amulet of invisibility {+Inv}
HPRegen  0.25/turn              p - ring "Izess" {Str+6 Int+3 Dex+6}
MPRegen  0.16/turn              s - ring of Eneut {rElec EV+4 Stlth+}

@: berserking, gold aura, very slightly contaminated, invisible (expiring), very
quick
A: very small, no large weapons, unfitting armour, see invisible, speed 3
a: Renounce Religion, Evoke Invisibility, Potion Petition, Call Merchant, Bribe
Branch


You were in the Dungeon.
You worshipped Gozag.
Gozag was most pleased with you.
You visited 1 branch You collected 2711 gold pieces.
You spent 1268 gold pieces at shops.

Inventory:

Hand Weapons
 a - a +2 dagger
 m - a +1 short sword of draining
 n - a +0 short sword of flaming
 q - a +2 short sword of venom (weapon)
 y - a +2 rapier of electrocution
Missiles
 d - 8 poisoned darts
 e - 2 curare-tipped darts
 u - 9 stones (quivered)
Armour
 b - a +0 robe (worn)
 c - a +0 cloak (worn)
 v - a +0 buckler (worn)
Jewellery
 l - the amulet of invisibility (around neck) {+Inv}
   (You found it in the Dungeon)

   [amulet of nothing]

   +Inv:      It lets you turn invisible.
 p - the ring "Izess" (left hand) {Str+6 Int+3 Dex+6}
   (You found it in the Dungeon)

   [ring of dexterity]

   Str:       It affects your strength (+6).
   Int:       It affects your intelligence (+3).
   Dex:       It affects your dexterity (+6).
 s - the ring of Eneut (right hand) {rElec EV+4 Stlth+}
   (You bought it in a shop in the Dungeon)

   [ring of evasion]

   EV:        It affects your evasion (+4).
   rElec:     It insulates you from electricity.
   Stlth:     It makes you more stealthy.
Scrolls
 k - a scroll of blinking
 t - a scroll of brand weapon {unknown}
 z - a scroll of immolation
 A - 2 scrolls of identify
Potions
 f - a potion of curing
 h - a potion of haste
 i - 2 potions of magic
 j - a potion of berserk rage
 o - a potion of flight {unknown}
 r - 2 potions of lignification {unknown}
Miscellaneous
 w - a phantom mirror
 x - a phantom mirror


   Skills:
 * Level 8.1 Fighting
 + Level 7.1 Short Blades
 + Level 4.3 Throwing
 * Level 12.7 Dodging
 O Level 27 Stealth
 * Level 2.7 Shields
 * Level 4.6 Spellcasting
 * Level 2.7 Conjurations
 * Level 4.2 Hexes
 * Level 3.1 Air Magic
 * Level 3.4 Poison Magic
 * Level 11.8 Evocations


You had 11 spell levels left.
You knew the following spells:

 Your Spells              Type           Power      Damage    Failure   Level
a - Slow                  Hex            18%        N/A       5%          2
b - Confusing Touch       Hex            18%        N/A       11%         3
c - Mephitic Cloud        Conj/Pois/Air  14%        N/A       17%         3

Your spell library contained the following spells:

 Spells                   Type           Power      Damage    Failure   Level
 Ignite Poison            Fire/Tmut/Pois 7%         N/A       36%         3
 Vampiric Draining        Necr           1%         2d6       52%         3
 Bolt of Magma            Conj/Fire/Erth 3%         4d5       98%         5


Dungeon Overview and Level Annotations

Branches:
Dungeon (1/1)

Altars:
Cheibriados
Dithmenos
Elyvilon
Gozag
Hepliaklqana
Kikubaaqudgha
Makhleb
Nemelex Xobeh
Okawaru
Qazlal
Ru
Sif Muna
Trog
Uskayaw
Vehumet
Wu Jian
Xom
Yredelemnul
Zin
The Shining One
Beogh
Jiyva
Lugonu

Shops:
D (*?[(?==(=:


Innate Abilities, Weirdness & Mutations

You are very small and have problems with some larger weapons.
You are too small for most types of armour.
You have supernaturally acute eyesight. (SInv)
You cover ground extremely quickly. (Speed+++)


Message History

The demonic crawler is moderately wounded.
The demonic crawler completely misses you.
You block the demonic crawler's attack. x2; You block the ghost moth's attack.
The ghost moth completely misses you. x2
You closely miss the ghost moth.
The ghost moth is severely wounded.
The demonic crawler completely misses you.
You block the demonic crawler's attack.
The demonic crawler completely misses you.
You catch the helpless ghost moth completely off-guard!
You spit the ghost moth like a pig!!!
You kill the ghost moth!
Your Fighting skill increases to level 8!
Your Spellcasting skill increases to level 4!
Your Hexes skill increases to level 4!
Your Air Magic skill increases to level 3!
Your Poison Magic skill increases to level 3!
You puncture the demonic crawler!
The demonic crawler is heavily wounded.
The demonic crawler closely misses you. The demonic crawler hits you!
* * * LOW HITPOINT WARNING * * *
You block the demonic crawler's attack.
You puncture the demonic crawler!
The demonic crawler is heavily wounded.
The demonic crawler misses you.
The demonic crawler completely misses you.
You block the demonic crawler's attack.
You hit the demonic crawler.
The demonic crawler looks even sicker.
The demonic crawler is heavily wounded.
You puncture the demonic crawler!
The demonic crawler is severely wounded.
The demonic crawler misses you. You block the demonic crawler's attack.
The demonic crawler misses you.
You hit the demonic crawler but do no damage.
The demonic crawler looks as sick as possible!
The demonic crawler is severely wounded.
The demonic crawler completely misses you. x2
The demonic crawler hits you!
You die...
Your body crumbles into a pile of gold.

#.....♣..♣..######♣♣♣♣♣
##'####'######.|)......
#..#....'.......#♣..♣♣♣
#.)#.=###.......#.♣♣.[♣
#######################
#......................
#∩.................).P.
#∩...$.......).......P.
#∩..$s@..............P.
###########+###########


$$$$ $$$$$ $$$$$ $$$$$ You could see a demonic crawler (extremely poisoned).

Vanquished Creatures
  Agnes (D)
  A ghost moth (D)
  A spriggan defender (D)
  A spriggan berserker (D)
  A spriggan druid (D)
  6 oklob plants (D)
  A demonic crawler (D)
  A queen bee (D)
  3 burning bushes (D)
  3 wandering mushrooms (D)
  3 hornets (D)
  3 scorpions (D)
  4 killer bees (D)
  5 oklob saplings (D)
  7 spriggans (D)
  A river rat (D)
  A rat (D)
  2 ballistomycete spores (D)
45 creatures vanquished.

Notes
Turn   | Place    | Note
-------+----------+-------------------------------------------
     0 | D        | styxcanada the Spriggan Brigand began the quest for the
                  | Orb.
     0 | D        | Reached XP level 1. HP: 10/10 MP: 2/2
     9 | D        | Reached skill level 7 in Stealth
     9 | D        | Reached XP level 2. HP: 15/15 MP: 3/3
    11 | D        | Reached skill level 8 in Stealth
    17 | D        | Noticed an oklob sapling
    19 | D        | Killed an oklob sapling
    20 | D        | Reached skill level 10 in Stealth
    20 | D        | Reached XP level 3. HP: 18/18 MP: 4/4
    21 | D        | Noticed a scorpion
    21 | D        | Found the amulet of invisibility {+Inv}
    23 | D        | Killed a scorpion
    24 | D        | Reached skill level 12 in Stealth
    24 | D        | Reached XP level 4. HP: 23/23 MP: 5/5
    45 | D        | Found an opulent altar of Gozag.
    45 | D        | Found a hazy altar of Hepliaklqana.
    45 | D        | Found a burning altar of Makhleb.
    45 | D        | Found a sparkling altar of Nemelex Xobeh.
    45 | D        | Found a snail-covered altar of Cheibriados.
    45 | D        | Found a sacrificial altar of Ru.
    45 | D        | Found a shimmering blue altar of Sif Muna.
    45 | D        | Found a shimmering altar of Xom.
    45 | D        | Found a basalt altar of Yredelemnul.
    46 | D        | Found a viscous altar of Jiyva.
    46 | D        | Found a bloodstained altar of Trog.
    46 | D        | Found an ornate altar of the Wu Jian Council.
    47 | D        | Found an iron altar of Okawaru.
    47 | D        | Found a shadowy altar of Dithmenos.
    47 | D        | Found a glowing silver altar of Zin.
    48 | D        | Found an ancient bone altar of Kikubaaqudgha.
    48 | D        | Found a hide-covered altar of Uskayaw.
    49 | D        | Found a stormy altar of Qazlal.
    49 | D        | Found a white marble altar of Elyvilon.
    49 | D        | Found a glowing golden altar of the Shining One.
    50 | D        | Became a worshipper of Gozag Ym Sagoz the Greedy
    51 | D        | Found a corrupted altar of Lugonu.
    51 | D        | Found a radiant altar of Vehumet.
    55 | D        | Reached skill level 13 in Stealth
    55 | D        | Reached XP level 5. HP: 28/28 MP: 3/6
   126 | D        | Reached skill level 5 in Dodging
   126 | D        | Reached skill level 14 in Stealth
   132 | D        | Reached skill level 1 in Evocations
   133 | D        | Reached skill level 15 in Stealth
   135 | D        | Reached XP level 6. HP: 32/32 MP: 5/7
   158 | D        | Found Vexen's Antique Weapon Shop.
   158 | D        | Found Ebeoqyil's Antique Armour Emporium.
   165 | D        | Bought a runed short sword for 156 gold pieces
   169 | D        | Noticed a burning bush
   169 | D        | Noticed a wandering mushroom
   170 | D        | Noticed a wandering mushroom
   173 | D        | Killed a burning bush
   174 | D        | Reached skill level 17 in Stealth
   174 | D        | Killed a wandering mushroom
   175 | D        | Reached skill level 19 in Stealth
   175 | D        | Reached XP level 7. HP: 38/38 MP: 5/8
   175 | D        | Killed a wandering mushroom
   176 | D        | Reached skill level 5 in Short Blades
   178 | D        | Reached skill level 20 in Stealth
   190 | D        | Found Tusiness's Antique Weapon Emporium.
   190 | D        | Found Ygaloefa's Jewellery Shoppe.
   193 | D        | Identified the ring "Izess" {Str+6 Int+3 Dex+6}
   199 | D        | Bought a runed short sword for 132 gold pieces
   249 | D        | Reached XP level 8. HP: 42/42 MP: 6/9
   255 | D        | Noticed a queen bee
   262 | D        | Killed a queen bee
   263 | D        | Reached skill level 5 in Fighting
   266 | D        | Reached skill level 21 in Stealth
   344 | D        | Noticed an oklob plant
   350 | D        | Killed an oklob plant
   351 | D        | Reached skill level 22 in Stealth
   351 | D        | Reached skill level 5 in Evocations
   533 | D        | Noticed a burning bush
   536 | D        | Killed a burning bush
   537 | D        | Reached XP level 9. HP: 48/48 MP: 7/10
   589 | D        | Bought the ring of Eneut {rElec EV+4 Stlth+} for 633 gold
                  | pieces
   633 | D        | Noticed a burning bush
   633 | D        | Noticed an oklob plant
   634 | D        | Noticed a wandering mushroom
   635 | D        | Killed a burning bush
   636 | D        | Reached skill level 23 in Stealth
   643 | D        | Killed an oklob plant
   644 | D        | Reached skill level 10 in Dodging
   647 | D        | Killed a wandering mushroom
   706 | D        | Noticed a spriggan druid
   708 | D        | Killed a spriggan druid
   709 | D        | Reached skill level 24 in Stealth
   768 | D        | Noticed an oklob plant conjurer
   769 | D        | Killed an oklob plant conjurer
   829 | D        | Noticed an oklob plant
   829 | D        | Noticed an oklob plant summoner
   830 | D        | Noticed an oklob plant shifter
   834 | D        | Killed an oklob plant
   835 | D        | Reached skill level 25 in Stealth
   835 | D        | Reached XP level 10. HP: 53/53 MP: 8/11
   836 | D        | Killed an oklob plant summoner
   839 | D        | Killed an oklob plant shifter
  1014 | D        | Noticed a spriggan rider
  1015 | D        | Found Nyapnu's Jewellery Emporium.
  1019 | D        | Found Fyposen's Book Shoppe.
  1053 | D        | Reached skill level 26 in Stealth
  1157 | D        | Bought a book of Debilitation for 242 gold pieces
  1160 | D        | Learned a level 2 spell: Slow
  1164 | D        | Learned a level 3 spell: Confusing Touch
  1168 | D        | Learned a level 3 spell: Mephitic Cloud
  1189 | D        | Noticed Agnes
  1191 | D        | Found Xehiwetu's Magic Scroll Emporium.
  1191 | D        | Noticed a spriggan berserker
  1193 | D        | Found Icegezxi's Jewellery Shoppe.
  1195 | D        | Killed Agnes
  1196 | D        | Reached skill level 1 in Shields
  1196 | D        | Reached skill level 1 in Conjurations
  1196 | D        | Reached skill level 1 in Air Magic
  1196 | D        | Reached skill level 1 in Poison Magic
  1196 | D        | Reached skill level 10 in Evocations
  1199 | D        | Killed a spriggan berserker
  1206 | D        | Noticed a spriggan defender
  1213 | D        | Killed a spriggan defender
  1214 | D        | Reached XP level 11. HP: 60/60 MP: 11/17
  1225 | D        | Bought a scroll of immolation for 49 gold pieces
  1225 | D        | Bought a scroll of identify for 28 gold pieces
  1225 | D        | Bought a scroll of identify for 28 gold pieces
  1271 | D        | Noticed a spriggan rider
  1342 | D        | Noticed a ghost moth
  1343 | D        | Found Viodd's Magic Scroll Emporium.
  1343 | D        | Found Iczoz's Assorted Antiques.
  1343 | D        | Found Ujibiussycse's Weapon Shoppe.
  1357 | D        | Reached skill level 27 in Stealth
  1364 | D        | Killed a ghost moth
  1365 | D        | HP: 4/90 [demonic crawler (11)]
  1369 | D        | Slain by a demonic crawler

Illustrated notes

Levels and vault maps discovered:
D:        dungeon_sprint_fedhas [sprint_temple]

Skill      XL: |  1  2  3  4  5  6  7  8  9 10 11 |
---------------+----------------------------------+-----
Dodging        | 2 3 4 5 7 8 9 11 12 | 12.7
Stealth        | 7 10 12 13 15 19 20 22 25 26 27 | 27.0
Fighting       | 2 3 4 5 6 7 8 |  8.1
Short Blades   | 3 4 5 6 7 |  7.1
Evocations     | 1 3 5 8 11 | 11.8
Throwing       | 3 4 |  4.3
Shields        | 2 |  2.7
Spellcasting   | 3 4 |  4.6
Conjurations   | 2 |  2.7
Hexes          | 3 4 |  4.2
Air Magic      | 2 3 |  3.1
Poison Magic   | 2 3 |  3.4

Action                   |  1- 3 |  4- 6 |  7- 9 | 10-12 || total
-------------------------+-------+-------+-------+-------++-------
Melee: Dagger            |     5 |     5 |       |       ||    10
       Short sword       |       |     2 |    33 |    49 ||    84
Throw: Dart              |       |       |       |    10 ||    10
       Stone             |       |       |       |     1 ||     1
 Abil: Evoke Invisibilit |       |     3 |     7 |     4 ||    14
  Use: Potion            |       |       |       |     2 ||     2
 Stab: Sleeping          |     3 |     7 |    10 |     8 ||    28
       Invisible         |       |       |     8 |     3 ||    11
Armor: Robe              |       |       |       |     1 ||     1
Dodge: Dodged            |     2 |       |    20 |    71 ||    93
Block: Buckler           |       |       |       |    22 ||    22
